 Dungeon Crawl Stone Soup version 0.21.1-1-g345015f (webtiles) character file.

68498 kae the Bludgeoner (level 14, -1/121 HPs)
             Began as a Demonspawn Monk on Apr 20, 2018.
             Was the Champion of Wu Jian.
             Slain by an ogre
             ... wielding a +0 giant club
              (11 damage)
             ... on level 2 of the Orcish Mines.
             The game lasted 00:26:53 (18178 turns).

kae the Bludgeoner (Demonspawn Monk)               Turns: 18178, Time: 00:26:54

Health: -1/121     AC: 14    Str: 15    XL:     14   Next: 86%
Magic:  14/14      EV:  7    Int: 13    God:    Wu Jian [******]
Gold:   1880       SH:  5    Dex: 20    Spells: 13/13 levels left

rFire    . . .     SeeInvis .   u - +10 whip of the Rattle-Snake {protect, *Corrode +Inv rPois Int+2}
rCold    . . .     Gourm    .   D - -1 buckler
rNeg     . . .     Faith    .   e - +1 chain mail of Sif Muna's Vengeance {+Inv MR+}
rPois    +         Spirit   .   n - +2 hat
rElec    .         Reflect  .   q - +2 cloak
rCorr    .         Harm     .   (no gloves)
MR       ++...                  (no boots)
Stlth    ..........             h - amulet of regeneration
HPRegen  0.70/turn              m - +2 ring of strength
MPRegen  0.14/turn              O - +2 ring of slaying

@: corroded, sanguine armour, very slightly contaminated
A: talons 1, demonic guardian 1, powered by death 2, sanguine armour 3
a: Wall Jump, Serpent's Lash, Heavenly Storm, Renounce Religion, Evoke
Invisibility


You were on level 2 of the Orcish Mines.
You worshipped Wu Jian.
Wu Jian was exalted by your worship.
You were hungry.

You visited 4 branches of the dungeon, and saw 20 of its levels.

You collected 1880 gold pieces.

Inventory:

Hand Weapons
 d - a +0 club
 i - a +5 whip
 u - the +10 whip of the Rattle-Snake (weapon) {protect, *Corrode +Inv rPois Int+2}
   (You found it on level 6 of the Dungeon)

   It protects the one who uses it against injury (+AC on strike).
   It affects your intelligence (+2).
   It protects you from poison.
   It lets you turn invisible.
   It may corrode you when you take damage.
Armour
 e - the +1 chain mail of Sif Muna's Vengeance (worn) {+Inv MR+}
   (You found it on level 4 of the Dungeon)

   It affects your resistance to hostile enchantments.
   It lets you turn invisible.
 n - a +2 hat (worn)
 o - a +0 chain mail
 q - a +2 cloak (worn)
 D - a -1 buckler (worn)
 H - the -3 buckler of Dice, Bag, and Bottle {-Tele Regen+ SInv}
   (You acquired it on level 2 of the Lair of Beasts)

   It lets you see invisible.
   It prevents most forms of teleportation.
   It increases your rate of regeneration.
Jewellery
 h - an amulet of regeneration (around neck)
 m - a +2 ring of strength (left hand)
 r - an uncursed amulet of magic regeneration
 t - a +2 ring of protection
 A - an uncursed ring of magical power
 J - an uncursed ring of stealth
 L - an uncursed amulet of rage
 O - a +2 ring of slaying (right hand)
 R - a cursed -2 ring of protection
 T - an uncursed ring of magical power
Wands
 a - a wand of iceblast (17)
 j - a wand of digging (21)
 y - a wand of enslavement (23)
 B - a wand of random effects (70)
 K - a wand of polymorph (3)
 P - a wand of acid (5)
 Q - a wand of flame (100)
 S - a wand of clouds (6)
 V - a wand of paralysis (11)
Scrolls
 f - 4 scrolls of teleportation
 g - 4 scrolls of fog
 l - a scroll of blinking
 p - 13 scrolls of identify
 s - a scroll of amnesia
 x - 4 scrolls of remove curse
Potions
 c - a potion of cancellation
 v - a potion of agility
 w - 2 potions of might
 E - 2 potions of berserk rage
 F - 5 potions of curing
 I - 3 potions of haste
 M - a potion of flight
Books
 k - a book of Frost

   Spells                             Type                      Level
   a - Freeze                         Ice                          1
   b - Throw Frost                    Conjuration/Ice              2
   c - Ozocubu's Armour               Charms/Ice                   3
   d - Throw Icicle                   Conjuration/Ice              4
   e - Summon Ice Beast               Ice/Summoning                4
 z - the Tome of the Wary Spreadsheets
   (You found it on level 10 of the Dungeon)

   Spells                             Type                      Level
   a - Sting                          Conjuration/Poison           1
   b - Force Lance                    Conjuration/Translocation    4
   c - Bolt of Fire                   Conjuration/Fire             6
   d - Dragon's Call                  Summoning                    9
 C - a book of Misfortune

   Spells                             Type                      Level
   a - Confusing Touch                Hexes                        1
   b - Confuse                        Hexes                        3
   c - Gell's Gravitas                Translocation                3
   d - Petrify                        Transmutation/Earth          4
   e - Metabolic Englaciation         Hexes/Ice                    5
   f - Yara's Violent Unravelling     Hexes/Transmutation          5
 G - a book of Changes

   Spells                             Type                      Level
   a - Beastly Appendage              Transmutation                1
   b - Sticks to Snakes               Transmutation                2
   c - Spider Form                    Transmutation/Poison         3
   d - Ice Form                       Ice/Transmutation            4
   e - Blade Hands                    Transmutation                5
 N - a book of Flames

   Spells                             Type                      Level
   a - Flame Tongue                   Conjuration/Fire             1
   b - Throw Flame                    Conjuration/Fire             2
   c - Conjure Flame                  Conjuration/Fire             3
   d - Inner Flame                    Hexes/Fire                   3
   e - Sticky Flame                   Conjuration/Fire             4
   f - Fireball                       Conjuration/Fire             5
Comestibles
 b - 25 rations


   Skills:
 + Level 14.9 Fighting
 * Level 16.7 Maces & Flails
 - Level 2.6 Dodging
 - Level 1.7 Stealth
 - Level 5.0 Shields
 - Level 9.1 Unarmed Combat


You had 13 spell levels left.
You didn't know any spells.

Dungeon Overview and Level Annotations

Branches:
Dungeon (11/15)            Temple (1/1) D:5            Lair (6/6) D:11
  Swamp (0/4) Lair:3        Snake (0/4) Lair:3        Slime (0/5) Lair:6
    Orc (2/2) D:10            Elf (0/3) Orc:2

Altars:
Ashenzari
Cheibriados
Dithmenos
Elyvilon
Fedhas
Gozag
Hepliaklqana
Kikubaaqudgha
Makhleb
Nemelex Xobeh
Okawaru
Qazlal
Ru
Sif Muna
Trog
Uskayaw
Vehumet
Wu Jian
Xom
Yredelemnul
Zin
The Shining One

Shops:
D:7 [   Orc:2 ?((


Innate Abilities, Weirdness & Mutations

You have sharp toenails.
A weak demonic guardian rushes to your aid.
You regenerate health from kills.
When seriously injured, your bleeding wounds create very thick armour. (AC +12)


Message History

* * * LOW HITPOINT WARNING * * *
The ogre mage hits you but does no damage.
The troll bites you but does no damage. You block the troll's attack.
The troll claws you but does no damage. The deep troll barely misses you. x2
The deep troll claws you but does no damage.
Blink to where?
Press: ? - help, Dir - move target cursor You are very lightly contaminated with residual magic.
As you read the scroll of blinking, it crumbles to dust.
The ogre mage mumbles some strange words.
The ogre mage seems to speed up.
The ogre mage hits you from afar with a spear.
* * * LOW HITPOINT WARNING * * *
Blink to where?
Press: ? - help, Dir - move target cursor
As you read the scroll of blinking, it crumbles to dust. 2 ogres come into view.
The ogre shouts!
The ogre hits you with a giant club!
You die...

#..........#.##.......## #...
####......####.#.......# ... #
#......## ####.....## #
##......# #..#......##
######..^..#####..........#
...#......................###
.......##.........O.........##
........##......O...###......#
......#####.....@..####.....##
......#..#..........#.....###
..........................#
..#.............#.......#.#
.###..........#.#.......### .
.........#####.......#
......)#)###..#.....#
..#.#†#.5§##.#.##
#5###)#)###.###


You could see 2 ogres.

Vanquished Creatures
  Gastronok (D:10)
  An orc warlord (Orc:1)
  Josephine (D:10)
  Erolcha (Orc:1)
  3 hydras
  9 two-headed ogres (Orc:2)
  4 death yaks (Lair:5)
  An orc high priest (Orc:1)
  Sonja (Lair:2)
  The ghost of kae the Grappler, a novice DrTm (D:6)
  A deep troll (Orc:2)
  A wizard (D:10)
  Pikel (D:4)
  A lindwurm (Lair:4)
  4 orc sorcerers
  3 cyclopes
  14 elephants
  A centaur zombie (D:11)
  6 black mambas
  Joseph (D:8)
  A torpor snail (Lair:6)
  25 spiny frogs
  A rime drake (Lair:6)
  9 komodo dragons
  A kobold demonologist (D:11)
  5 tyrant leeches (Lair:6)
  8 trolls
  14 blink frogs (Lair:6)
  2 slime creatures (Lair:6)
  7 dream sheep (Lair:6)
  9 hippogriffs
  A shadow (D:11)
  4 wraiths (D:10)
  2 wyverns
  4 hogs (D:9)
  4 basilisks
  33 yaks
  A human (D:9)
  6 vampire mosquitoes (Lair:6)
  2 wargs
  9 water moccasins
  3 nagas (Lair:3)
  Duvessa (D:7)
  2 hell hounds (D:11)
  7 porcupines
  A hornet zombie (D:7)
  14 orc warriors
  A swamp drake (Lair:3)
  2 slaves
  A sky beast (D:11)
  2 black bears
  An ice beast (D:11)
  21 ogres
  2 necrophages (D:10)
  An eye of draining (D:11)
  2 centaurs
  4 wolves (Lair:3)
  14 crocodiles
  3 big kobolds
  Blork the orc (D:5)
  A gnoll sergeant (Orc:2)
  25 bullfrogs
  A wyvern zombie (D:6)
  Dowan (D:7)
  2 scorpions
  A troll zombie (D:10)
  10 killer bees
  A vampire bat (Lair:5)
  4 jellies
  8 wights (D:10)
  An electric eel (Lair:2)
  2 howler monkeys
  6 crimson imps
  A bullfrog zombie (D:8)
  A quasit (D:8)
  3 hounds
  A bullfrog skeleton (D:9)
  12 orc priests
  Crazy Yiuf (D:7)
  A centaur skeleton (D:8)
  4 human zombies (D:10)
  8 iguanas
  26 orc wizards
  4 worker ants
  A mummy (D:10)
  2 hound skeletons
  3 worker ant zombies
  7 gnolls
  2 howler monkey skeletons
  8 adders
  2 shadow imps
  3 oozes
  3 adder zombies
  An adder skeleton (D:8)
  A worm (D:2)
  2 dart slugs
  8 leopard geckos
  86 orcs
  11 bats
  5 giant cockroaches
  4 hobgoblins (D:1)
  9 jackals
  A quokka (D:3)
  4 frilled lizards
  11 goblins
  16 kobolds
  An orc skeleton (D:10)
  6 rats
  A butterfly (Lair:3)
  A plant (Lair:6)
611 creatures vanquished.

Vanquished Creatures (collateral kills)
  A black mamba (Lair:6)
  A dream sheep (Lair:6)
  A yak (Lair:6)
  A basilisk (Lair:6)
  An ogre (Orc:1)
  An orc (Orc:2)
6 creatures vanquished.

Vanquished Creatures (others)
  2 slaves (D:4)
  A worker ant (D:4)
  A leopard gecko (Lair:3)
  A frilled lizard (Lair:3)
  17 fungi
  48 plants (Lair:6)
70 creatures vanquished.

Grand Total: 687 creatures vanquished

Notes
Turn   | Place    | Note
-------+----------+-------------------------------------------
     0 | D:1      | kae the Demonspawn Monk began the quest for the Orb.
     0 | D:1      | Reached XP level 1. HP: 18/18 MP: 1/1
   452 | D:1      | Gained mutation: You have sharp toenails. [demonic ancestry]
   452 | D:1      | Reached XP level 2. HP: 17/24 MP: 2/2
  1333 | D:2      | Reached XP level 3. HP: 23/29 MP: 3/3
  1722 | D:1      | Reached XP level 4. HP: 18/37 MP: 4/4
  3234 | D:4      | Gained mutation: You regenerate a little health from kills. [demonic ancestry]
  3234 | D:4      | Reached XP level 5. HP: 39/42 MP: 5/5
  3365 | D:4      | Reached skill level 5 in Unarmed Combat
  3608 | D:4      | Noticed a slave
  3608 | D:4      | Noticed a slave
  3611 | D:4      | Noticed a slave
  3660 | D:3      | Killed a slave
  3927 | D:4      | Killed a slave
  4011 | D:4      | Got a dazzling chain mail
  4035 | D:4      | Identified the +1 chain mail of Sif Muna's Vengeance {+Inv MR+} (You found it on level 4 of the Dungeon)
  4060 | D:4      | Gained mutation: When seriously injured, your bleeding wounds create armour. (AC +12) [demonic ancestry]
  4060 | D:4      | Reached XP level 6. HP: 15/49 MP: 6/6
  4341 | D:4      | Noticed Pikel
  4363 | D:4      | Noticed a slave
  4406 | D:4      | Killed Pikel
  4406 | D:4      | Reached skill level 5 in Fighting
  4406 | D:4      | Gained mutation: You regenerate health from kills. [demonic ancestry]
  4406 | D:4      | Reached XP level 7. HP: 37/57 MP: 7/7
  4987 | D:5      | Entered Level 5 of the Dungeon
  5298 | D:5      | Found a staircase to the Ecumenical Temple.
  5319 | Temple   | Entered the Ecumenical Temple
  5545 | D:5      | Noticed Blork the orc
  5566 | D:5      | Killed Blork the orc
  5566 | D:5      | Gained mutation: When seriously injured, your bleeding wounds create thick armour. (AC +12) [demonic ancestry]
  5566 | D:5      | Reached XP level 8. HP: 50/64 MP: 8/8
  6049 | D:6      | Noticed kae's ghost (novice DrTm)
  6067 | D:6      | Killed kae's ghost
  6664 | D:6      | Found an ornate altar of the Wu Jian Council.
  6903 | D:6      | Became a worshipper of the Wu Jian Council
  6903 | D:6      | Reached * piety under Wu Jian
  6903 | D:6      | Reached ** piety under Wu Jian
  6919 | D:6      | Got a translucent whip
  6920 | D:6      | Identified the +10 whip of the Rattle-Snake {protect, *Corrode +Inv rPois Int+2} (You found it on level 6 of the Dungeon)
  6984 | D:7      | Found a runed door.
  7067 | D:7      | Reached skill level 1 in Maces & Flails
  7067 | D:7      | Gained mutation: When seriously injured, your bleeding wounds create very thick armour. (AC +12) [demonic ancestry]
  7067 | D:7      | Reached XP level 9. HP: 68/72 MP: 9/9
  7111 | D:7      | Noticed Duvessa
  7111 | D:7      | Noticed Dowan
  7134 | D:7      | Killed Duvessa
  7134 | D:7      | Reached skill level 2 in Maces & Flails
  7139 | D:7      | Killed Dowan
  7272 | D:7      | Reached skill level 3 in Maces & Flails
  7343 | D:7      | Found Becheyh's Armour Shoppe.
  7401 | D:7      | Reached skill level 4 in Maces & Flails
  7745 | D:7      | Noticed Crazy Yiuf
  7748 | D:7      | Killed Crazy Yiuf
  7798 | D:8      | Noticed Joseph
  7983 | D:8      | Reached skill level 5 in Maces & Flails
  8007 | D:8      | Reached *** piety under Wu Jian
  8023 | D:8      | Killed Joseph
  8050 | D:8      | Reached skill level 6 in Maces & Flails
  8459 | D:9      | Noticed a troll
  8464 | D:9      | Reached XP level 10. HP: 82/82 MP: 10/10
  8659 | D:9      | Reached skill level 1 in Shields
  8677 | D:9      | Reached skill level 7 in Maces & Flails
  8879 | D:10     | Entered Level 10 of the Dungeon
  8895 | D:10     | Found a staircase to the Orcish Mines.
  9012 | D:10     | Noticed a wizard
  9018 | D:10     | Killed a wizard
  9091 | D:10     | Found an ancient bone altar of Kikubaaqudgha.
  9162 | D:10     | Reached **** piety under Wu Jian
  9162 | D:10     | Reached skill level 8 in Maces & Flails
  9273 | D:10     | Noticed Gastronok
  9291 | D:10     | Killed Gastronok
  9291 | D:10     | Reached skill level 10 in Fighting
  9291 | D:10     | Reached XP level 11. HP: 67/90 MP: 11/11
  9361 | D:10     | Noticed Josephine
  9471 | D:10     | Killed Josephine
  9471 | D:10     | Reached skill level 9 in Maces & Flails
  9592 | D:10     | Identified the Tome of the Wary Spreadsheets
  9937 | D:11     | Found a staircase to the Lair.
  9991 | D:11     | Found a shimmering altar of Xom.
 10059 | D:11     | Reached skill level 5 in Shields
 10146 | D:11     | Reached skill level 10 in Maces & Flails
 10394 | D:11     | Reached ***** piety under Wu Jian
 10630 | Lair:1   | Entered Level 1 of the Lair of Beasts
 11177 | Lair:2   | Reached skill level 11 in Maces & Flails
 11231 | Lair:2   | Reached XP level 12. HP: 61/100 MP: 12/12
 11400 | Lair:2   | Noticed Sonja
 11413 | Lair:2   | Killed Sonja
 12427 | Lair:3   | Found a staircase to the Snake Pit.
 12433 | Lair:3   | Reached skill level 12 in Maces & Flails
 12663 | Lair:3   | Found a staircase to the Swamp.
 12751 | Lair:3   | Noticed a seven-headed hydra
 12758 | Lair:3   | Killed a seven-headed hydra
 13014 | Lair:3   | Reached skill level 13 in Maces & Flails
 13491 | Lair:4   | Reached XP level 13. HP: 98/109 MP: 13/13
 14547 | Lair:5   | HP: 5/109 [death yak (14)]
 14869 | Lair:5   | Reached skill level 14 in Maces & Flails
 15002 | Lair:6   | Entered Level 6 of the Lair of Beasts
 15057 | Lair:6   | Reached ****** piety under Wu Jian
 15061 | Lair:6   | Found a staircase to the Slime Pits.
 15633 | Lair:6   | Reached skill level 15 in Maces & Flails
 15779 | Lair:6   | Gained mutation: A weak demonic guardian rushes to your aid. [demonic ancestry]
 15779 | Lair:6   | Reached XP level 14. HP: 68/119 MP: 14/14
 16667 | Lair:2   | Identified a scroll of acquirement
 16668 | Lair:2   | Got a fine buckler
 16679 | Lair:2   | Identified the -3 buckler of Dice, Bag, and Bottle {-Tele Regen+ SInv} (You acquired it on level 2 of the Lair of Beasts)
 16809 | Orc:1    | Entered Level 1 of the Orcish Mines
 17050 | Orc:2    | Entered Level 2 of the Orcish Mines
 17114 | Orc:1    | Noticed Erolcha
 17122 | Orc:1    | Killed Erolcha
 17406 | Orc:1    | Noticed an orc warlord
 17464 | Orc:1    | Killed an orc warlord
 17464 | Orc:1    | Reached skill level 16 in Maces & Flails
 17813 | Orc:2    | Found a staircase to the Elven Halls.
 17924 | Orc:2    | Found Acsaareu's Weapon Emporium.
 17934 | Orc:2    | Found Qiuts's Antique Weapon Shoppe.
 18160 | Orc:2    | Found Efruhoip's Magic Scroll Shop.
 18178 | Orc:2    | Slain by an ogre

Skill      XL: |  1  2  3  4  5  6  7  8  9 10 11 12 13 14 |
---------------+-------------------------------------------+-----
Unarmed Combat | 3 4 5 6 7 9 |  9.1
Fighting       | 4 5 6 7 8 10 11 12 13 14 | 14.9
Maces & Flails | 1 6 8 11 13 15 16 | 16.7
Shields        | 4 5 |  5.0
Dodging        | |  2.6
Stealth        | |  1.7

Action                   |  1- 3 |  4- 6 |  7- 9 | 10-12 | 13-15 || total
-------------------------+-------+-------+-------+-------+-------++-------
Melee: Unarmed           |    23 |       |       |       |       ||    23
       Club              |    33 |       |       |       |       ||    33
       Kick              |    18 |    60 |   142 |   401 |   551 ||  1172
       Whip              |    32 |   219 |   392 |  1141 |  1282 ||  3066
       Punch             |     3 |     8 |     7 |       |       ||    18
Invok: Lunge             |       |       |     9 |    35 |    47 ||    91
       Whirlwind         |       |       |     2 |    86 |   118 ||   206
       Wall Jump         |       |       |       |    31 |    11 ||    42
       Serpent's Lash    |       |       |       |     1 |     4 ||     5
Evoke: Wand              |       |       |       |       |     9 ||     9
  Use: Scroll            |     4 |     2 |     6 |    13 |     7 ||    32
       Potion            |       |     5 |     2 |     1 |     4 ||    12
 Stab: Sleeping          |     1 |     1 |       |       |       ||     2
       Invisible         |       |     2 |       |       |       ||     2
       Confused          |       |       |       |     3 |       ||     3
       Distracted        |       |       |       |       |     9 ||     9
  Eat: Chunk             |     3 |     8 |    13 |    18 |    17 ||    59
Armor: Robe              |    16 |     6 |       |       |       ||    22
       Chain mail        |       |    95 |   320 |   475 |   518 ||  1408
       Skin              |       |    14 |       |       |       ||    14
Dodge: Dodged            |    48 |    64 |   133 |   202 |   256 ||   703
Block: Buckler           |       |       |       |   139 |   165 ||   304
